 Dungeon Sprint DCSS version 0.26-a0-712-ga5a9c9c9d0 (webtiles) character file.

Game seed: 6043171422920205870

18 mhtbhm the Skirmisher (level 2, -13/29 HPs)
             Began as a Minotaur Fighter on Oct 31, 2020.
             Mangled by an ogre
             ... wielding a +0 giant club
              (26 damage)
             ... in the Dungeon (Sprint IX: "|||||||||||||||||||||||||||||").
             The game lasted 00:00:09 (138 turns).

mhtbhm the Skirmisher (Minotaur Fighter)             Turns: 138, Time: 00:00:09

Health: -13/29     AC:  7    Str: 20    XL:     2   Next: 51%
Magic:  1/1        EV:  7    Int:  5    God:
Gold:   0          SH:  9    Dex:  9    Spells: 1/1 levels left

rFire    . . .     SeeInvis .   a - +0 flail
rCold    . . .     Faith    .   c - +0 kite shield
rNeg     . . .     Spirit   .   b - +0 scale mail
rPois    .         Reflect  .   (helmet restricted)
rElec    .         Harm     .   (no cloak)
rCorr    .         Rampage  .   (no gloves)
MR       .....     NoTele   +   (no boots)
Stlth    ..........             (no amulet)
HPRegen  0.09/turn              (no ring)
MPRegen  0.07/turn              (no ring)

@: no status effects
A: retaliatory headbutt, horns 2
a: no special abilities


You were in the Dungeon.
You visited 1 branch

Inventory:

Hand Weapons
 a - a +0 flail (weapon)
Armour
 b - a +0 scale mail (worn)
 c - a +0 kite shield (worn)
Scrolls
 j - a scroll of blinking
Potions
 d - a potion of might
 e - a potion of curing
 f - a potion of heal wounds
 g - a potion of haste
 h - 2 potions of magic
 i - a potion of berserk rage


   Skills:
 + Level 5.1 Fighting
 + Level 3.5 Maces & Flails
 + Level 4.7 Armour
 + Level 4.6 Shields


You had one spell level left.
You didn't know any spells.
Your spell library was empty.

Dungeon Overview and Level Annotations

Branches:
Dungeon (1/1)

Altars:


Innate Abilities, Weirdness & Mutations

You reflexively headbutt those who attack you in melee.
You have a pair of horns on your head.


Message History

The jackal closely misses you.
Unknown command.
You closely miss the jackal. Your headbutt misses the jackal.
The jackal is moderately wounded.
The jackal bites you but does no damage.
The jackal bites you.
You sock the jackal!
You kill the jackal!
You hit the ogre. Your headbutt misses the ogre.
The ogre is lightly wounded.
You block the ogre's attack.
You sock the ogre! Your headbutt misses the ogre.
The ogre is heavily wounded.
You block the ogre's attack.
Your scale mail prevents you from hitting the ogre.
You headbutt the ogre.
The ogre is heavily wounded.
The ogre hits you with a +0 giant club!!
Ouch! That really hurt!
You die...

▓+▓
▓.▓
▓.▓
▓.▓
▓O▓
▓@▓
▓'▓
▓.▓
▓.▓
▓.▓
▓)▓
▓†▓
▓(▓
▓.▓


You could see an ogre.

Vanquished Creatures
  A shadow imp (D)
  A worm (D)
  An orc (D)
  A jackal (D)
  A bat (D)
  2 kobolds (D)
  2 rats (D)
9 creatures vanquished.

Notes
Turn   | Place    | Note
-------+----------+-------------------------------------------
     0 | D        | mhtbhm the Minotaur Fighter began the quest for the Orb.
     0 | D        | Reached XP level 1. HP: 19/19 MP: 0/0
     8 | D        | Reached skill level 4 in Fighting
   117 | D        | Noticed an ogre
   122 | D        | Reached XP level 2. HP: 21/28 MP: 1/1
   129 | D        | Reached skill level 5 in Fighting
   138 | D        | Mangled by an ogre

Illustrated notes

Levels and vault maps discovered:
D:        linesprint [early_d, line_temple, items_1, d_10, items_2, lair_1,
          lair_end, items_3, orc_1, orc_end, items_4, d_15, swamp_1, shoals_1,
          snake_1, spider_1, d_20, vaults_1, items_5, swamp_end, shoals_end,
          snake_end, spider_end, vaults_end, d_27, items_6, zot_1, zot_end,
          crypt_end, forest_end, elf_end, slime_end, tomb_end, abyss_end,
          pan_hell_end]

Skill      XL: |  1  2 |
---------------+-------+-----
Fighting       | 4 5 |  5.1
Armour         | 4 |  4.7
Shields        | 4 |  4.6
Maces & Flails | 3 |  3.5

Action                   || total
-------------------------++-------
Melee: Flail             ||    26
       Headbutt          ||     3
Armor: Scale mail        ||     9
Dodge: Dodged            ||     4
Block: Kite shield       ||    10

Table legend: (Time is in decaauts)
 A = Elapsed time spent in this place.
 B = Non-inter-level travel time spent in this place.
 C = Inter-level travel time spent in this place.
 D = Time resting spent in this place.
 E = Time spent auto-exploring this place.
 F = Levels seen in this place.
 G = Mean time per level.
                   A        B        C        D        E       F      G
               +--------+--------+--------+--------+--------+-----+--------+
         Total |    146 |    146 |      0 |    100 |      3 |   1 |  146.0 |
       Dungeon |    146 |    146 |      0 |    100 |      3 |   1 |  146.0 |
               +--------+--------+--------+--------+--------+-----+--------+

Top non-repeatable levels by time:
       D: 146 daAuts
